AoeStats
← cocotea121

Runestones

508439352Analyzed
1v1 RM · 11d ago on Sep 22, 2026· 17m 29s· 2 players
Game mode
Random Map
Map size
Tiny (2 player)
Population
200
Speed
Normal
Resources
Standard
Victory
Conquest
Starting age
Dark Age
Ending age
Imperial Age
RankedLock teamsTeams togetherTeam positionsShared explorationLock speedFull tech treeHidden civsTurbo modeCheats
Victory
Defeat
🇹🇼 Mongols · Taiwan
899
+39
🇹🇷 Huns · Türkiye
871
-15
atar_39
2:13 Loom
10:41 Feudal Age
13:47 Double-Bit Axe
cocotea121
7:48 Loom
10:24 Feudal Age
11:57 Wheelbarrow
11:09 Double-Bit Axe
16:19 Town Watch
16:39 Padded Archer Armor
Connection lost

Rejoining the realm…

Still unreachable

The connection could not be restored.

Session expired

The server has moved on; the page needs a fresh start.